 Dungeon Crawl Stone Soup version 0.31.0-32-g396128a36d (webtiles) character file.

Game seed: 3569656151391372126

2040 trashops the Grappler (level 9, 0/80 (84) HPs)
             Began as a Troll Berserker on Apr 10, 2024.
             Was an Elder of Trog.
             Killed from afar by Valrug's ghost (5 damage)
             ... with a sting
             ... on level 6 of the Dungeon.
             The game lasted 00:08:33 (4476 turns).

trashops the Grappler (Troll Berserker)             Turns: 4476, Time: 00:08:35

HP:   0/80 (84)     AC:  5    Str: 31    XL:     9   Next: 4%
MP:   8/8           EV: 11    Int:  3    God:    Trog [****..]
Gold: 293           SH:  0    Dex:  9    Spells: 8/8 levels left

rFire   . .          .
                       - Unarmed
rCold   . . .        (no shield)
rNeg    . . .        a - +1 animal skin
rPois   .            r - +0 hat
rElec   .            (no cloak)
rCorr   .            (gloves unavailable)
SInv    .            (boots unavailable)
Will    .....        (no amulet)
Stlth   +            (no ring)
HPRegen 1.13/turn    (no ring)
MPRegen 0.11/turn

%: no passive effects
@: lethally poisoned (0 -> -7), hasted, lightly drained, very quick
A: large, unfitting armour, claws 3, regeneration 1, shaggy fur 1, tough skin 1
a: Renounce Religion, Berserk, Trog's Hand, Brothers in Arms


You were on level 6 of the Dungeon.
You worshipped Trog.
Trog was greatly pleased with you.
You visited 1 branch of the dungeon, and saw 6 of its levels.
You also visited: Sewer.

You collected 293 gold pieces.

Inventory:

Missiles
 e - a throwing net (quivered)
Armour
 a - a +1 animal skin (worn)
 r - a +0 hat (worn)
Jewellery
 h - a ring of fire
Wands
 n - a wand of iceblast (11)
Scrolls
 c - a scroll of enchant weapon
 d - 7 scrolls of identify
 f - a scroll of blinking {unknown}
 g - a scroll of teleportation
 j - a scroll of fog
 k - 2 scrolls of torment {unknown}
 l - a scroll of revelation {unknown}
 p - a scroll of poison
 u - a scroll of noise {unknown}
 v - a scroll of fear {unknown}
Potions
 i - 4 potions of curing
 m - a potion of lignification {unknown}
 q - 2 potions of ambrosia {unknown}
 s - a potion of mutation {unknown}
 t - a potion of might {unknown}


   Skills:
 + Level 4.1 Fighting
 + Level 5.6 Dodging
 + Level 1.5 Stealth
 + Level 9.4 Unarmed Combat


You had 8 spell levels left.
You didn't know any spells.
Your spell library was empty.

Dungeon Overview and Level Annotations

Branches:
Dungeon (6/15)              Sewer (visited)
 Temple: D:4-7

Altars:
Dithmenos
Hepliaklqana
Okawaru

Shops:
D:3 (   D:5 *

Annotations:
D:6 Consumeair16's ghost, novice DrCj; Valrug's ghost, novice DsAl


Innate Abilities, Weirdness & Mutations

You are too large for most types of armour.
You have claws for hands.
Your natural rate of healing is unusually fast.
You are covered in fur. (AC +1)
You have tough skin. (AC +1)


Message History

Valrug's ghost hits you.
You closely miss Valrug's ghost.
Valrug's ghost is lightly damaged.
You feel very sick. Consumeair16's ghost hits you.
You feel drained.
You completely miss Valrug's ghost.
Valrug's ghost is lightly damaged.
You feel very sick. Valrug's ghost misses you.
You claw Valrug's ghost!
Valrug's ghost is moderately damaged.
You feel sick.
Consumeair16's ghost casts a spell at you.
The magic dart hits you!
* * * LOW HITPOINT WARNING * * *
You scratch Valrug's ghost.
Valrug's ghost is moderately damaged.
You feel very sick.
Valrug's ghost shrieks, "You must not succeed where I failed!"
Valrug's ghost hits you.
* * * LOW HITPOINT WARNING * * *
You claw Valrug's ghost! Your claw misses Valrug's ghost.
Valrug's ghost is heavily damaged.
You feel sick.
Consumeair16's ghost closely misses you.
You claw Valrug's ghost!
Valrug's ghost is severely damaged.
You feel sick. Valrug's ghost closely misses you.
You scratch Valrug's ghost.
Valrug's ghost is severely damaged.
You feel sick.
Consumeair16's ghost hits you but does no damage.
You feel drained.
You barely miss Valrug's ghost.
Valrug's ghost is severely damaged.
You feel sick.
Valrug's ghost gestures at you while chanting.
The sting hits you.
You are lethally poisoned!
You die...

#.........
##.......##
..........#####
..........##..###
#)..............#
#...............##
......##.........#
......##..######.##
.....###.##[P⌠P#@.#
......####8....#WW#
.#....#.#).....#..#
.#......#P.....'☼§#
........#⌠.....'.°.#
.<......#P.....'...#
........#".....#..##
........##8....#..#
.........##.P⌠P####


You could see Consumeair16's ghost and Valrug's ghost.

Vanquished Creatures
  Grinder (D:4)
  Eustachio (D:4)
  A water moccasin (D:5)
  An orc warrior (D:6)
  A sky beast (D:6)
  A black bear (D:5)
  A crocodile (Sewer)
  A phantom (D:4)
  A bullfrog (D:6)
  A kobold brigand (D:5)
  A brain worm (Sewer)
  A scorpion (D:4)
  3 killer bees (D:5)
  A howler monkey (D:6)
  A bombardier beetle (D:4)
  An orc priest (D:3)
  6 hounds
  2 jellies
  2 iguanas (D:5)
  2 orc wizards
  7 gnolls
  11 adders
  3 river rats (Sewer)
  3 dart slugs
  3 ribbon worms
  25 orcs
  14 ball pythons
  9 endoplasms
  7 giant cockroaches
  7 goblins
  4 hobgoblins
  6 jackals
  4 quokkas
  8 bats
  2 frilled lizards
  11 kobolds
  6 rats
160 creatures vanquished.

Notes
Turn   | Place    | Note
-------+----------+-------------------------------------------
     0 | D:1      | trashops the Troll Berserker began the quest for the Orb.
     0 | D:1      | Reached XP level 1. HP: 22/22 MP: 0/0
    94 | D:1      | Reached XP level 2. HP: 29/29 MP: 1/1
   239 | D:1      | Reached ** piety under Trog
   266 | D:1      | Reached XP level 3. HP: 36/36 MP: 2/2
   903 | D:2      | Reached skill level 4 in Unarmed Combat
  1019 | D:2      | Reached XP level 4. HP: 30/44 MP: 3/3
  1429 | D:3      | Found an iron altar of Okawaru.
  1477 | D:3      | Found Talisog's Antique Weapon Shoppe.
  1511 | D:3      | Reached XP level 5. HP: 52/52 MP: 4/4
  1636 | D:3      | Reached *** piety under Trog
  1637 | D:3      | Reached skill level 5 in Unarmed Combat
  1941 | D:3      | Found a glowing drain.
  1946 | Sewer    | Entered a sewer
  2113 | Sewer    | Reached XP level 6. HP: 58/61 MP: 3/5
  2291 | Sewer    | Reached skill level 6 in Unarmed Combat
  2789 | D:4      | Noticed Grinder
  2807 | D:4      | Killed Grinder
  2808 | D:4      | Reached skill level 1 in Stealth
  2808 | D:4      | Reached XP level 7. HP: 47/67 MP: 6/6
  2857 | D:4      | Reached skill level 7 in Unarmed Combat
  2864 | D:4      | Reached **** piety under Trog
  3078 | D:4      | Found a hazy altar of Hepliaklqana.
  3313 | D:4      | Noticed Eustachio
  3324 | D:4      | Killed Eustachio
  3325 | D:4      | Reached XP level 8. HP: 48/75 MP: 7/7
  3350 | D:4      | Found a shadowy altar of Dithmenos.
  3517 | D:5      | Entered Level 5 of the Dungeon
  3536 | D:5      | Reached skill level 8 in Unarmed Combat
  3599 | D:5      | Identified the +2 trident of Winter {heavy, Dex+5}
  3726 | D:5      | Reached skill level 5 in Dodging
  3813 | D:5      | Found Zauhi's General Store.
  4071 | D:5      | Reached skill level 9 in Unarmed Combat
  4185 | D:6      | Reached XP level 9. HP: 78/84 MP: 8/8
  4453 | D:6      | Found a runed translucent gate.
  4453 | D:6      | Found a runed translucent gate.
  4453 | D:6      | Found a runed translucent gate.
  4454 | D:6      | Noticed Consumeair16's ghost (novice DrCj)
  4455 | D:6      | Noticed Valrug's ghost (novice DsAl)
  4476 | D:6      | Killed from afar by Valrug's ghost

Illustrated notes

Levels and vault maps discovered:
D:1:      wander_arrival_estate, layout_loops_ring, kennysheep_nondescript
D:2:      layout_loops_cross, grunt_decor_mini_mirrors,
          chequers_serial_rivers_small_a
D:3:      layout_loops_cross, nicolae_overflow_crystal_walls,
          portal_sewer_entry_e, serial_shops, shop
D:4:      layout_loops_corners, mainiacjoe_overflow_boulevard,
          mainiacjoe_overflow_alcove_4, uniq_eustachio, uniq_grinder
D:5:      layout_basic, kennysheep_windowed_goal
D:6:      layout_cave_pools, gammafunk_ghost_cemetery, serial_glass,
          glass_columns_a, glass_columns_b, item_on_display_a,
          due_unseen_surprise, minmay_strange_pillars, feat_on_display

Skill      XL: |  1  2  3  4  5  6  7  8 |
---------------+-------------------------+-----
Unarmed Combat | 4 5 6 7 9 |  9.4
Dodging        | 3 4 5 |  5.6
Fighting       | 3 4 |  4.1
Stealth        | 1 |  1.5

Action                     |  1- 3 |  4- 6 |  7- 9 || total
---------------------------+-------+-------+-------++-------
  Melee: Unarmed           |    91 |   212 |   190 ||   493
         Punch             |     4 |     6 |     5 ||    15
    Use: Scroll            |       |     6 |       ||     6
         Potion            |       |     5 |     4 ||     9
   Stab: Sleeping          |     2 |     2 |     1 ||     5
 Armour: Animal skin       |    45 |   179 |   166 ||   390
  Dodge: Dodged            |    52 |   131 |   122 ||   305
